AoeStats
← weritox69

Arena

508087525Analyzed
2v2 RM · 11d ago on Sep 20, 2026· 44m 2s· 4 players
Game mode
Random Map
Map size
Medium (4 player)
Population
200
Speed
Normal
Resources
Standard
Victory
Conquest
Starting age
Dark Age
Ending age
Imperial Age
RankedLock teamsTeams togetherTeam positionsShared explorationLock speedFull tech treeHidden civsTurbo modeCheats
Victory
Defeat
🇩🇪 Khmer · Germany
1078
+13
🇨🇱 Lithuanians · Chile
984
+17
🇵🇪 Italians · Peru
1016
-15
🇨🇱 Armenians · Chile
999
-15
APOLO
10:17 Feudal Age
16:19 Castle Age
14:47 Stone Mining
14:49 Gold Mining
21:26 Loom
26:38 Imperial Age
24:15 Fletching
25:26 Ballistics
26:36 Bodkin Arrow
27:08 Padded Archer Armor
28:29 Chemistry
31:44 Double-Bit Axe
31:45 Horse Collar
37:07 Pirotechnia
37:37 Heavy Plow
37:55 Bow Saw
40:02 Wheelbarrow
40:13 Elite Skirmisher
43:18 Thumb Ring
44:18 Hand Cart
weritox69
9:29 Feudal Age
10:00 Double-Bit Axe
15:26 Castle Age
13:22 Loom
27:50 Wheelbarrow
27:01 Town Watch
32:22 Imperial Age
30:06 Fletching
30:17 Padded Archer Armor
30:50 Bow Saw
30:51 Bodkin Arrow
30:53 Gold Mining
32:34 Leather Archer Armor
32:38 Hand Cart
32:26 Town Patrol
32:33 Pikeman
33:25 Bracer
33:39 Masonry
34:04 Ballistics
34:22 Squires
34:09 Gambesons
34:28 Scale Mail Armor
34:43 Forging
34:52 Stone Mining
35:37 Gold Shaft Mining
36:57 Onager
38:02 Halberdier
striker6000
7:13 Loom
12:08 Feudal Age
15:14 Castle Age
13:44 Horse Collar
13:52 Double-Bit Axe
16:07 Bow Saw
20:27 Wheelbarrow
23:20 Hand Cart
23:47 Stone Mining
23:48 Gold Mining
24:19 Bloodlines
24:11 Husbandry
27:59 Imperial Age
26:41 Scale Barding Armor
26:47 Forging
25:59 Light Cavalry
28:18 Ballistics
28:35 Chain Barding Armor
29:42 Conscription
30:24 Double Crossbow
31:37 Hoardings
30:35 Heavy Scorpion
31:31 Hussar
33:42 Chemistry
34:28 Siege Engineers
37:43 Plate Barding Armor
41:54 Capped Ram
sdenecken
12:04 Feudal Age
13:16 Double-Bit Axe
13:14 Horse Collar
15:50 Castle Age
15:23 Loom
15:55 Scale Barding Armor
21:50 Stone Mining
23:15 Bow Saw
24:11 Gold Mining
27:56 Wheelbarrow
27:09 Town Watch
28:13 Stone Shaft Mining
30:35 Imperial Age
28:46 Chain Barding Armor
28:36 Forging
28:35 Squires
28:21 Arson
29:41 Fletching
30:27 Hand Cart
30:12 Town Patrol
30:46 Bodkin Arrow
31:27 Iron Casting
31:00 Elite Skirmisher
33:10 Bracer
33:10 Padded Archer Armor
35:05 Ballistics
35:46 Chemistry
34:58 Masonry
37:27 Leather Archer Armor
37:40 Husbandry
37:50 Bloodlines
37:03 Cavalier
39:45 Architecture
39:11 Murder Holes
40:12 Paladin
43:22 Plate Barding Armor
43:43 Ring Archer Armor
Connection lost

Rejoining the realm…

Still unreachable

The connection could not be restored.

Session expired

The server has moved on; the page needs a fresh start.